 Dungeon Crawl Stone Soup version 0.22-a0-469-gf26638a (webtiles) character file.

2790 namelastname112 the Ruffian (level 9, -4/89 HPs)
             Began as a Troll Monk on June 12, 2018.
             Was an Elder of Wu Jian.
             Killed by nerve-wracking pain
             ... invoked by an orc priest
              (10 damage)
             ... on level 8 of the Dungeon.
             The game lasted 00:11:01 (5160 turns).

namelastname112 the Ruffian (Troll Monk)            Turns: 5160, Time: 00:11:02

Health: -4/89      AC:  6    Str: 29    XL:     9   Next: 43%
Magic:  17/17      EV: 14    Int:  6    God:    Wu Jian [****..]
Gold:   373        SH:  0    Dex: 12    Spells: 8/8 levels left

rFire    . . .     SeeInvis .     - Unarmed
rCold    . . .     Gourm    +   (no shield)
rNeg     . . .     Faith    .   a - +0 robe
rPois    .         Spirit   .   (helmet restricted)
rElec    +         Reflect  .   D - +0 cloak
rCorr    .         Harm     .   (gloves unavailable)
MR       .....                  (boots unavailable)
Stlth    ++........             s - amulet of the acrobat
HPRegen  0.64/turn              f - ring of magical power
MPRegen  0.15/turn              (no ring)

@: mighty, slowed, very slow
A: large, unfitting armour, claws 3, repulsion field 1, fast metabolism 3,
gourmand, regeneration 1, shaggy fur 1, electricity resistance, tough skin 2, no
potion heal 1
a: Wall Jump, Serpent's Lash, Renounce Religion


You were on level 8 of the Dungeon.
You worshipped Wu Jian.
Wu Jian was greatly pleased with you.
You were very full.

You visited 1 branch of the dungeon, and saw 8 of its levels.
You also visited: Ossuary.

You collected 373 gold pieces.

Inventory:

Missiles
 i - 8 large rocks (quivered)
Armour
 a - a +0 robe (worn)
 D - a +0 cloak (worn)
Jewellery
 f - a ring of magical power (left claw)
 s - an amulet of the acrobat (around neck)
 z - an uncursed amulet of rage {unknown}
Wands
 A - a wand of random effects (39)
 C - a wand of flame (29)
Scrolls
 d - 9 scrolls of identify {unknown}
 g - 4 scrolls of remove curse {unknown}
 h - 3 scrolls of magic mapping {unknown}
 j - 3 scrolls of amnesia {unknown}
 n - 3 scrolls of immolation {unknown}
 o - a scroll of enchant armour {unknown}
 u - 2 scrolls of blinking {unknown}
 v - a scroll of summoning {unknown}
 x - a scroll of enchant weapon {unknown}
 y - 2 scrolls of fear {unknown}
 B - a scroll of holy word {unknown}
 E - a scroll of teleportation {unknown}
Potions
 c - 2 potions of lignification {unknown}
 e - a potion of magic
 k - 2 potions of brilliance {unknown}
 l - 2 potions of might
 m - a potion of curing
 p - 4 potions of mutation
 q - a potion of berserk rage {unknown}
 r - 2 potions of heal wounds {unknown}
 t - 2 potions of haste {unknown}
 w - a potion of agility
 F - 2 potions of flight {unknown}
 G - a potion of cancellation {unknown}
Comestibles
 b - 13 rations


   Skills:
 + Level 6.0 Fighting
 + Level 5.5 Throwing
 + Level 6.0 Dodging
 - Level 1.0 Stealth
 + Level 7.2 Unarmed Combat


You had 8 spell levels left.
You didn't know any spells.
Your spell library contained the following spells:

 Spells                   Type           Power        Failure   Level  Hunger
 Cause Fear               Hex            #.........   99%         4    #####..
 Slow                     Hex            #.......     58%         2    ###....
 Corona                   Hex            #......      45%         1    ##.....
 Portal Projectile        Hex/Tloc       #.....       83%         3    ####...
 Leda's Liquefaction      Hex/Erth       #.........   99%         4    #####..
 Inner Flame              Hex/Fire       #.......     83%         3    ####...


Dungeon Overview and Level Annotations

Branches:
Dungeon (8/15)             Temple (0/1) D:5
   Lair: D:8-11

Altars:
Ashenzari
Dithmenos
Hepliaklqana
Wu Jian
Yredelemnul


Innate Abilities, Weirdness & Mutations

You are too large for most types of armour.
You have claws for hands.
Your metabolism is lightning-fast.
You like to eat raw meat.
Your natural rate of healing is unusually fast.
You are covered in fur. (AC +1)
You have very tough skin. (AC +2)
You are surrounded by a mild repulsion field. (EV +2)
You are resistant to electric shocks. (rElec)
Potions are less effective at restoring your health.


Message History

* * * LOW HITPOINT WARNING * * *
Something shocks you. You resist.
* * * LOW HITPOINT WARNING * * *
The orc priest barely misses you.
The orc wizard casts a spell.
The orc wizard seems to speed up.
Something hits you.
* * * LOW HITPOINT WARNING * * *
Something shocks you. You resist.
* * * LOW HITPOINT WARNING * * *
You take 8 damage, and have 2/89 hp.
Your system partially rejects the healing.
You feel better. The orc wizard misses you. The orc priest barely misses you.
Something hits you.
* * * LOW HITPOINT WARNING * * *
Something shocks you. You resist.
* * * LOW HITPOINT WARNING * * *
The orc wizard completely misses you.
The orc priest invokes the aid of Beogh against you.
Pain shoots through your body!
You die...

.#.# #.# ## # #.. # #.
##.# #.. ..####. ##....
#.. ....... ##.... #..
#.#.... #... ##########..
.....#.##.# ##...#...###.
#.#....o@.###..[.........
...#...o{##...........##
#...)).#...........
#...###........#######
...... ####....(.......
..##### ##..######### .
#............
......##.(#######
#######..........


You could see an orc priest and an orc wizard.

Vanquished Creatures
  The ghost of galech the Skirmisher, an amateur OgBe of Trog (D:4)
  A hippogriff (D:7)
  A wraith (Ossuary)
  A hungry ghost (D:7)
  2 ice beasts
  2 phantoms (D:4)
  3 ogres
  2 centaurs
  A bullfrog (D:7)
  A water moccasin zombie (D:8)
  2 crimson imps
  A howler monkey (D:5)
  A bullfrog zombie (D:7)
  A centaur zombie (D:8)
  A jelly (D:6)
  5 orc priests
  5 orc wizards
  3 hounds
  A bullfrog skeleton (D:4)
  Jessica (D:2)
  6 worker ants
  4 iguanas
  2 mummies
  A worker ant zombie (D:5)
  7 gnolls
  6 adders
  2 shadow imps
  An ooze (D:4)
  An adder skeleton (D:4)
  A worm (D:4)
  4 dart slugs (D:1)
  5 leopard geckos
  25 orcs
  2 bats
  4 giant cockroaches
  7 goblins
  2 hobgoblins
  15 jackals
  9 kobolds
  A quokka (D:4)
  8 frilled lizards
  4 gnoll skeletons (Ossuary)
  A goblin zombie (D:4)
  A hobgoblin zombie (D:4)
  8 kobold skeletons (Ossuary)
  13 orc skeletons (Ossuary)
  2 quokka skeletons
  6 rats
184 creatures vanquished.

Notes
Turn   | Place    | Note
-------+----------+-------------------------------------------
     0 | D:1      | namelastname112 the Troll Monk began the quest for the Orb.
     0 | D:1      | Reached XP level 1. HP: 22/22 MP: 0/0
    81 | D:1      | Reached XP level 2. HP: 29/29 MP: 1/1
   206 | D:1      | Reached XP level 3. HP: 36/36 MP: 2/2
   455 | D:2      | Noticed Jessica
   457 | D:2      | Killed Jessica
   479 | D:2      | Reached XP level 4. HP: 38/45 MP: 3/3
   726 | D:2      | Found a basalt altar of Yredelemnul.
  1050 | D:3      | Reached skill level 1 in Throwing
  1050 | D:3      | Reached skill level 4 in Unarmed Combat
  1050 | D:3      | Reached XP level 5. HP: 37/53 MP: 4/4
  1495 | D:3      | Found an ornate altar of the Wu Jian Council.
  1522 | D:3      | Became a worshipper of the Wu Jian Council
  1522 | D:3      | Reached * piety under Wu Jian
  1522 | D:3      | Reached ** piety under Wu Jian
  1753 | D:4      | Found a shadowy altar of Dithmenos.
  1761 | D:4      | Reached XP level 6. HP: 54/61 MP: 5/5
  1803 | D:4      | Found a shattered altar of Ashenzari.
  1833 | D:4      | namelastname112: ??amulet of acrobat
  1833 | D:4      | beem: I don't have a page labeled amulet_of_acrobat in my learndb.
  1834 | D:4      | Noticed galech's ghost (amateur OgBe)
  1898 | D:4      | Killed galech's ghost
  1898 | D:4      | Reached XP level 7. HP: 13/70 MP: 6/6
  2023 | D:4      | Reached skill level 5 in Unarmed Combat
  2083 | D:4      | Found a sand-covered staircase.
  2092 | Ossuary  | Entered an ossuary
  2092 | Ossuary  | Noticed a wraith
  2092 | Ossuary  | Noticed a wraith
  2092 | Ossuary  | Noticed a wraith
  2206 | Ossuary  | Noticed a wraith
  2286 | Ossuary  | Killed a wraith
  2286 | Ossuary  | Reached *** piety under Wu Jian
  2579 | D:4      | Reached XP level 8. HP: 44/79 MP: 7/7
  2901 | D:4      | Reached skill level 5 in Dodging
  2948 | D:4      | Found a hazy altar of Hepliaklqana.
  3180 | D:5      | Entered Level 5 of the Dungeon
  3180 | D:5      | Found a staircase to the Ecumenical Temple.
  3212 | D:5      | Reached skill level 6 in Unarmed Combat
  3222 | D:5      | Reached skill level 5 in Fighting
  3258 | D:5      | Reached **** piety under Wu Jian
  4533 | D:7      | Reached XP level 9. HP: 88/88 MP: 8/8
  4649 | D:7      | Reached skill level 5 in Throwing
  4768 | D:7      | Reached skill level 7 in Unarmed Combat
  5156 | D:8      | Gained mutation: You are resistant to electric shocks. (rElec) [potion of mutation]
  5156 | D:8      | Gained mutation: Potions are less effective at restoring your health. [potion of mutation]
  5156 | D:8      | Gained mutation: You are surrounded by a mild repulsion field. (EV +2) [potion of mutation]
  5159 | D:8      | HP: 3/89 [something (5)]
  5160 | D:8      | Killed from afar by an orc priest

Vault maps used:
D:1:      roderic_chinese_lattice_arrival
D:2:      yredelemnul_altar_generic, uniq_jessica
D:3:      lemuel_round_altar
D:4:      grunt_dithmenos_shadows, cheibrodos_ashenzari_chains,
          kennysheep_mini_moat, nicolae_ossuary_entry_giza, first_ration,
          hangedman_decor_growths, minmay_divided_ellipse
D:5:      temple_statues
D:6:      serial_glass, glass_columns_c, glass_columns_a
D:8:      serial_co_window_serial, co_window_paths_b, co_window_paths_a,
          co_window_paths_a, co_window_corner_a, co_window_paths_a,
          co_window_corner_a, co_window_paths_a, co_window_paths_a,
          co_window_paths_b, co_window_cross_3, co_window_paths_c,
          co_window_corner_b, co_window_corner_b, co_window_sun,
          glass_columns_a, glass_columns_b, uniq_joseph, uniq_psyche
Ossuary:  ossuary_due_mausoleum

Skill      XL: |  1  2  3  4  5  6  7  8  9 |
---------------+----------------------------+-----
Fighting       | 3 4 5 6 |  6.0
Dodging        | 3 4 5 6 |  6.0
Throwing       | 1 2 3 4 5 |  5.5
Unarmed Combat | 4 5 6 7 |  7.2
Stealth        | |  1.0

Action                   |  1- 3 |  4- 6 |  7- 9 || total
-------------------------+-------+-------+-------++-------
Melee: Unarmed           |    59 |   160 |   384 ||   603
       Punch             |       |     4 |    11 ||    15
Invok: Lunge             |       |     1 |    20 ||    21
       Whirlwind         |       |    12 |    78 ||    90
       Wall Jump         |       |     5 |    12 ||    17
  Use: Potion            |       |       |     7 ||     7
 Stab: Sleeping          |       |     2 |     6 ||     8
  Eat: Chunk             |     8 |    11 |    36 ||    55
Armor: Robe              |    26 |    35 |    79 ||   140
Dodge: Dodged            |    42 |    83 |   193 ||   318

Table legend:
 A = Spawn XP
 B = Non-spawn XP
 C = Spawn XP percentage of total XP
 D = Spawn monster count
 E = Non-spawn monster count
 F = Spawn count percentage of total count
 G = Total turns spent on level
                    A         B        C        D         E        F      G
               +---------+---------+-------+---------+---------+-------+---------
         Total |       0 |    3986 |   0.0 |       0 |     184 |   0.0 |  5160
               +---------+---------+-------+---------+---------+-------+---------
           D:1 |       0 |      55 |   0.0 |       0 |      28 |   0.0 |   455
           D:2 |       0 |      49 |   0.0 |       0 |       8 |   0.0 |   407
           D:3 |       0 |     255 |   0.0 |       0 |      34 |   0.0 |   836
           D:4 |       0 |    1245 |   0.0 |       0 |      36 |   0.0 |  1190
           D:5 |       0 |     426 |   0.0 |       0 |      15 |   0.0 |   524
           D:6 |       0 |     295 |   0.0 |       0 |      10 |   0.0 |   617
           D:7 |       0 |    1123 |   0.0 |       0 |      21 |   0.0 |   639
           D:8 |       0 |     293 |   0.0 |       0 |       5 |   0.0 |   200
       Ossuary |       0 |     245 |   0.0 |       0 |      27 |   0.0 |   292
               +---------+---------+-------+---------+---------+-------+---------
